[Event "Titled Tuesday Blitz March 21 Early 2023"]
[White "Bethke, Richard"]
[Black "th3d4rkness"]
[WhiteFideId "12959243"]
[WhiteElo "2369"]
[BlackElo "2113"]
[Result "1-0"]
[Round "06"]
[TimeControl "180+2"]
[Date "2023.03.21"]
[WhiteClock "0:01:47"]
[BlackClock "0:00:04"]

1. e4 c5 2. Nf3 Nc6 3. d4 cxd4 4. Nxd4 Nf6 5. Nc3 e5 6. Ndb5 d6 7. Bg5 a6 8. Na3 b5 9. Bxf6 gxf6 10. Nd5 f5 11. Bd3 Be6 12. c4 b4 13. Nc2 Rb8 14. Nce3 f4 15. Nf5 Bxf5 16. exf5 Be7 17. f6 Bxf6 18. Qa4 Rc8 19. Bf5 O-O 20. Bxc8 Nd4 21. Bg4 Bg7 22. O-O Qg5 23. Qd7 f5 24. Bh3 f3 25. Kh1 f4 26. Qg4 Qh6 27. gxf3 Kh8 28. Ne7 Bf6 29. Nf5 Nxf5 30. Qxf5 Be7 31. Qe6 Bf6 32. Rg1 e4 33. fxe4 f3 34. Rg4 Be5 35. Qxh6 1-0


[Site "https://www.chess.com"]

[Event "Titled Tuesday Blitz March 21 Early 2023"]
[White "MANOJ_MISHRA123"]
[Black "Sarkar, Justin"]
[BlackFideId "2010011"]
[WhiteElo "2111"]
[BlackElo "2189"]
[Result "0-1"]
[Round "06"]
[TimeControl "180+2"]
[Date "2023.03.21"]
[WhiteClock "0:00:35"]
[BlackClock "0:00:06"]

1. d4 Nf6 2. Bg5 c5 3. d5 Ne4 4. h4 Qb6 5. Nd2 Nxd2 6. Bxd2 Qxb2 7. e4 d6 8. Rb1 Qd4 9. Bd3 c4 10. Ne2 Qc5 11. Be3 Qc7 12. Nd4 cxd3 13. cxd3 a6 14. O-O Nd7 15. Qh5 g6 16. Qe2 Bg7 17. Rfc1 Qd8 18. h5 O-O 19. hxg6 hxg6 20. g3 Ne5 21. Kg2 Ng4 22. f3 Nxe3+ 23. Qxe3 Bd7 24. Rh1 b5 25. f4 e5 26. fxe5 dxe5 27. Nf3 f6 28. Nh4 Kf7 29. Qf3 Rh8 30. d4 exd4 31. e5 Bf5 32. e6+ Ke7 33. Nxf5+ gxf5 34. Qxf5 Qd6 35. Qg6 Qxd5+ 36. Kf2 Qxa2+ 37. Kf3 Qd5+ 38. Kf2 Rxh1 39. Qf7+ Kd6 40. e7 Qxf7 41. e8=N+ Qxe8 42. Rxh1 Qe3+ 43. Kg2 Re8 44. Rh7 Qe2+ 45. Kh3 Qe6+ 46. Kg2 Qe4+ 47. Kh2 Qxh7+ 48. Kg2 Re2+ 49. Kf3 Qe4# 0-1


[Site "https://www.chess.com"]

[Event "Titled Tuesday Blitz March 21 Early 2023"]
[White "Latreche, Khadidja"]
[Black "Kuchava, Ana"]
[WhiteFideId "7901780"]
[BlackFideId "13605348"]
[WhiteElo "1869"]
[BlackElo "2001"]
[Result "0-1"]
[Round "06"]
[TimeControl "180+2"]
[Date "2023.03.21"]
[WhiteClock "0:00:12"]
[BlackClock "0:00:08"]

1. e4 c5 2. Nf3 d6 3. d4 cxd4 4. Nxd4 Nf6 5. f3 Nc6 6. c4 g6 7. Nc3 Bg7 8. Be3 O-O 9. Be2 a6 10. O-O Bd7 11. Rc1 Rc8 12. Qd2 Ne5 13. b3 Bc6 14. Rfd1 Ned7 15. h3 Nc5 16. b4 Ne6 17. Nxe6 fxe6 18. b5 axb5 19. cxb5 Bd7 20. f4 Ne8 21. e5 d5 22. a4 Qa5 23. Bf3 Bh6 24. Bxd5 exd5 25. Qxd5+ Kh8 26. Bd4 Bf5 27. g4 Nc7 28. Qf3 Be6 29. Ne4 Bxf4 0-1


[Site "https://www.chess.com"]

[Event "Titled Tuesday Blitz March 21 Early 2023"]
[White "Sanchez, Robert"]
[Black "Vargas Pereda, Jesus Manue"]
[WhiteFideId "2034360"]
[BlackFideId "5115710"]
[WhiteElo "2169"]
[BlackElo "1914"]
[Result "1-0"]
[Round "06"]
[TimeControl "180+2"]
[Date "2023.03.21"]
[WhiteClock "0:01:39"]
[BlackClock "0:01:38"]

1. e4 d5 2. exd5 Qxd5 3. Nc3 Qd6 4. Nf3 Nf6 5. Bc4 a6 6. O-O e6 7. d4 b5 8. Bd3 Bb7 9. Bg5 Be7 10. Qe2 Nbd7 11. Rad1 O-O 12. Ne5 h6 13. Bf4 Qb6 14. Nxd7 Nxd7 15. d5 Nc5 16. dxe6 Qxe6 17. Qxe6 Nxe6 18. Bg3 c5 19. Rfe1 Bf6 20. Be5 Bxe5 21. Rxe5 Rad8 22. Rde1 c4 23. Bf1 Nd4 24. Rc1 Rfe8 25. Rxe8+ Rxe8 26. h3 Be4 27. Nxe4 Rxe4 28. c3 Nf5 29. Rd1 Re7 30. a4 Nh4 31. axb5 axb5 32. Rd8+ Kh7 33. Rb8 Re5 34. b3 cxb3 35. Bxb5 Re1+ 36. Kh2 Rb1 37. Bd3+ g6 38. Bxb1 1-0


[Site "https://www.chess.com"]

[Event "Titled Tuesday Blitz March 21 Early 2023"]
[White "Dubov, Daniil"]
[Black "Le, Tuan Minh"]
[WhiteFideId "24126055"]
[BlackFideId "12401153"]
[WhiteElo "2802"]
[BlackElo "2558"]
[Result "1-0"]
[Round "07"]
[TimeControl "180+2"]
[Date "2023.03.21"]
[WhiteClock "0:00:11"]
[BlackClock "0:00:04"]

1. d4 d5 2. c4 e6 3. Nf3 a6 4. g3 dxc4 5. Bg2 b5 6. Ne5 c6 7. O-O Bb7 8. b3 cxb3 9. axb3 Nf6 10. Nc3 Be7 11. Bb2 O-O 12. Ne4 Nxe4 13. Bxe4 f6 14. Nd3 Bd6 15. Qc2 Nd7 16. Rfc1 Rc8 17. Bxh7+ Kh8 18. Be4 Qe7 19. e3 Rc7 20. Nc5 Bxc5 21. dxc5 f5 22. Bg2 e5 23. b4 e4 24. Rd1 Ne5 25. Rd6 Nc4 26. Rad1 Bc8 27. Bf1 Be6 28. Bxc4 Bxc4 29. Rh6+ Kg8 30. Rg6 Qe8 31. Rdd6 Rff7 32. Qc3 Rcd7 33. h4 Rfe7 34. h5 Kh7 35. Qd4 Bd5 36. h6 Qxg6 37. Rxg6 Kxg6 38. hxg7 Rxg7 39. Qf6+ Kh7 40. Qxf5+ Kg8 41. Bxg7 Rxg7 42. Qc8+ Kh7 43. Qxa6 Kg6 44. Qc8 Ra7 45. Qe8+ Kg7 46. Kg2 Ra4 47. Qe5+ Kg6 48. Qc3 Ra2 49. g4 Kg5 50. Kg3 Kg6 51. Qe5 Rc2 52. Qf5+ Kg7 53. g5 Rc1 54. Qf6+ Kg8 55. g6 Rg1+ 56. Kf4 Rg2 57. Ke5 Rg1 58. Kd6 Rg2 59. Ke7 1-0


[Site "https://www.chess.com"]

[Event "Titled Tuesday Blitz March 21 Early 2023"]
[White "Andreikin, Dmitry"]
[Black "Lazavik, Denis"]
[WhiteFideId "4158814"]
[BlackFideId "13515110"]
[WhiteElo "2736"]
[BlackElo "2560"]
[Result "0-1"]
[Round "07"]
[TimeControl "180+2"]
[Date "2023.03.21"]
[WhiteClock "0:00:04"]
[BlackClock "0:00:18"]

1. Nf3 d5 2. e3 Nf6 3. c4 e6 4. d4 Be7 5. Nc3 O-O 6. a3 c5 7. dxc5 dxc4 8. Qc2 Nbd7 9. Bxc4 Nxc5 10. b4 Ncd7 11. Bb2 a6 12. Bd3 b5 13. O-O Bb7 14. Rad1 Rc8 15. Qb1 Qc7 16. Ne4 Nxe4 17. Bxe4 Bxe4 18. Qxe4 Bf6 19. Rc1 Qb6 20. Bd4 Bxd4 21. Qxd4 Qxd4 22. Nxd4 Ne5 23. Rfd1 Rfd8 24. g3 Kf8 25. Kg2 Ke8 26. h4 Nc4 27. Ra1 e5 28. Nb3 Rxd1 29. Rxd1 Nxa3 30. Nc5 Rc6 31. Ra1 Nc2 32. Rxa6 Nxb4 33. Ra8+ Ke7 34. Ra7+ Kd6 35. Ne4+ Kd5 36. Nd2 Rc2 37. e4+ Ke6 38. Nf1 Nd3 39. Ra6+ Kd7 40. Ra7+ Rc7 41. Ra8 b4 42. Ne3 Rb7 43. Rg8 b3 44. Nc4 Rb4 45. Nd2 g6 46. Rg7 Ke6 47. Rxh7 b2 48. h5 gxh5 49. Rxh5 b1=Q 50. Nxb1 Rxb1 51. Kf3 Rb2 52. Rh2 Nc5 53. Rh4 Nd3 54. Ke3 Nxf2 55. g4 Nd1+ 56. Kf3 Rb3+ 57. Ke2 Nc3+ 58. Kd3 Na4+ 59. Kc4 Rg3 60. Rh6+ f6 61. Rh8 Rxg4 62. Re8+ Kf7 63. Ra8 Rxe4+ 64. Kd3 Rd4+ 65. Ke3 Kg6 66. Ra7 Kf5 67. Ra8 Nb6 68. Rh8 Nd5+ 0-1


[Site "https://www.chess.com"]

[Event "Titled Tuesday Blitz March 21 Early 2023"]
[White "Duda, Jan-Krzysztof"]
[Black "Seo, Jung Min"]
[WhiteFideId "1170546"]
[BlackFideId "1734687"]
[WhiteElo "2790"]
[BlackElo "2468"]
[Result "0-1"]
[Round "07"]
[TimeControl "180+2"]
[Date "2023.03.21"]
[WhiteClock "0:00:01"]
[BlackClock "0:00:05"]

1. d4 Nf6 2. Bg5 d5 3. Bxf6 exf6 4. e3 Bd6 5. Bd3 O-O 6. Nd2 c6 7. Qf3 Na6 8. c3 Nc7 9. Ne2 Re8 10. h4 Qd7 11. h5 Qg4 12. O-O-O Bd7 13. Rdg1 Re7 14. h6 Qxf3 15. gxf3 g6 16. Ng3 Kf8 17. f4 f5 18. Rg2 Ne8 19. Nf3 Nf6 20. Ne5 Ne4 21. Rhg1 Nxg3 22. Rxg3 Be6 23. Kd2 Rae8 24. Bc2 Rc7 25. b4 Ke7 26. a4 Rec8 27. a5 a6 28. Nd3 Ke8 29. Bb3 Bf8 30. Rh1 Ke7 31. Ne5 Kf6 32. Nf3 Bd6 33. Ng5 Rh8 34. Kc2 Rcc8 35. Kb2 Ke7 36. Bc2 f6 37. Nf3 Kf7 38. Rg2 Rcg8 39. Bd3 Ke7 40. Kb3 Rd8 41. Rhg1 Kd7 42. Nh4 Bf8 43. Rh1 Re8 44. Nf3 Kc7 45. Nd2 Rd8 46. Nb1 Be7 47. c4 dxc4+ 48. Bxc4 Bxc4+ 49. Kxc4 Rhe8 50. Nc3 Bf8 51. Na4 Rd5 52. Nc5 Kc8 53. Kd3 Kc7 54. Rgg1 Rdd8 55. Rh2 Kc8 56. Kc4 Kc7 57. Re1 Kc8 58. Kd3 Kc7 59. f3 Bd6 60. Rhe2 Kc8 61. Kc4 Kc7 62. e4 fxe4 63. Nxe4 Bxf4 64. Nxf6 Rxe2 65. Rxe2 Bxh6 66. Re7+ Kc8 67. Ng4 Bc1 68. Rxh7 Bb2 69. Rh6 Rxd4+ 70. Kb3 Bc1 0-1


[Site "https://www.chess.com"]

[Event "Titled Tuesday Blitz March 21 Early 2023"]
[White "Howell, David W L"]
[Black "Naroditsky, Daniel"]
[WhiteFideId "410608"]
[BlackFideId "2026961"]
[WhiteElo "2567"]
[BlackElo "2633"]
[Result "1/2-1/2"]
[Round "07"]
[TimeControl "180+2"]
[Date "2023.03.21"]
[WhiteClock "0:00:04"]
[BlackClock "0:00:09"]

1. d4 Nf6 2. c4 g6 3. Nc3 Bg7 4. g3 d6 5. Bg2 O-O 6. Nf3 Nbd7 7. O-O e5 8. e4 exd4 9. Nxd4 Re8 10. Re1 Nc5 11. Nb3 Nfd7 12. Qc2 Ne5 13. Nxc5 dxc5 14. Rd1 Bd7 15. f4 Nc6 16. Be3 Nd4 17. Qf2 Qc8 18. Rd2 Be6 19. Qf1 c6 20. e5 Bf5 21. Bxd4 cxd4 22. Rxd4 f6 23. exf6 Bxf6 24. Rd2 Qc7 25. Qf2 Re7 26. Re1 Rae8 27. Rxe7 Rxe7 28. h4 Qa5 29. Re2 Rd7 30. Kh2 Bxc3 31. bxc3 Qxc3 32. Qxa7 Qxc4 33. Qb8+ Kg7 34. Qe5+ Kh6 35. Qe8 Qf7 36. Qe5 Qg7 37. Qe3 Qd4 38. Qe8 Kg7 39. Re7+ Rxe7 40. Qxe7+ Kh6 41. Qg5+ Kg7 42. Qe7+ Kh6 43. Qg5+ Kg7 44. Qe7+ 1/2-1/2


[Site "https://www.chess.com"]

[Event "Titled Tuesday Blitz March 21 Early 2023"]
[White "Bok, Benjamin"]
[Black "Wei, Yi"]
[WhiteFideId "1017063"]
[BlackFideId "8603405"]
[WhiteElo "2658"]
[BlackElo "2686"]
[Result "0-1"]
[Round "07"]
[TimeControl "180+2"]
[Date "2023.03.21"]
[WhiteClock "0:00:01"]
[BlackClock "0:01:16"]

1. d4 Nf6 2. c4 e6 3. Nc3 Bb4 4. Qc2 d5 5. a3 Bxc3+ 6. Qxc3 O-O 7. Bg5 c5 8. dxc5 d4 9. Qf3 Nbd7 10. e3 h6 11. Bxf6 Nxf6 12. O-O-O e5 13. Ne2 Bg4 14. Qg3 d3 15. f3 Rc8 16. Nc3 e4 17. fxg4 Rxc5 18. Qf4 g5 19. Qf2 Rxc4 20. Kb1 Qb6 21. Qd2 Rfc8 22. Rc1 Nd5 23. Ka2 Qe6 24. Ka1 Nxc3 25. Rxc3 Rxc3 26. bxc3 Qb3 27. Qb2 Rxc3 28. Qxb3 Rxb3 29. Ka2 Rc3 30. g3 Rc1 31. Bg2 Rxh1 32. Bxh1 d2 0-1


[Site "https://www.chess.com"]

[Event "Titled Tuesday Blitz March 21 Early 2023"]
[White "Gholami Orimi, Mahdi"]
[Black "Svane, Rasmus"]
[WhiteFideId "12558486"]
[BlackFideId "4657101"]
[WhiteElo "2363"]
[BlackElo "2597"]
[Result "0-1"]
[Round "07"]
[TimeControl "180+2"]
[Date "2023.03.21"]
[WhiteClock "0:00:22"]
[BlackClock "0:01:29"]

1. d4 Nf6 2. c4 e6 3. Nc3 Bb4 4. e3 O-O 5. Bd3 d5 6. cxd5 exd5 7. a3 Be7 8. Qc2 b6 9. Nge2 c5 10. O-O Re8 11. dxc5 bxc5 12. Rd1 Bb7 13. Bd2 Nbd7 14. Be1 Bd6 15. b4 d4 16. Nb5 Bxh2+ 17. Kxh2 Ng4+ 18. Kg3 Nxe3 19. fxe3 Qg5+ 20. Kh3 Qxg2+ 21. Kh4 g5+ 22. Kh5 Bf3+ 23. Kh6 Re6+ 24. Bg6 Qh3+ 25. Kxg5 Qg4+ 26. Kh6 Qh5# 0-1


[Site "https://www.chess.com"]

[Event "Titled Tuesday Blitz March 21 Early 2023"]
[White "Bortnyk, Olexandr"]
[Black "Dardha, Daniel"]
[WhiteFideId "14120828"]
[BlackFideId "240990"]
[WhiteElo "2734"]
[BlackElo "2581"]
[Result "1/2-1/2"]
[Round "07"]
[TimeControl "180+2"]
[Date "2023.03.21"]
[WhiteClock "0:00:02"]
[BlackClock "0:00:02"]

1. d4 d5 2. Nc3 e6 3. Bf4 Bd6 4. e3 Ne7 5. Nf3 O-O 6. Bd3 h6 7. Ne5 f6 8. Ng6 Nxg6 9. Bxg6 c5 10. dxc5 Bxc5 11. Qh5 f5 12. O-O-O Nd7 13. f3 Qf6 14. g4 Ne5 15. gxf5 Nxg6 16. fxg6 Qf5 17. Qxf5 Rxf5 18. Ne2 e5 19. e4 Rxf4 20. Nxf4 Be3+ 21. Kb1 exf4 22. Rxd5 Be6 23. Rd6 Bh3 24. Rhd1 Re8 25. e5 Kf8 26. Rd8 Bg2 27. R1d7 Rxd8 28. Rxd8+ Ke7 29. Rg8 Bxf3 30. Rxg7+ Ke6 31. Rg8 Kxe5 32. Rf8 Bd5 33. g7 Ke4 34. b3 f3 35. c4 Be6 36. Kc2 f2 37. Kd1 Kd3 38. Rd8+ Ke4 39. Rf8 Kd3 40. Rd8+ Ke4 41. Rf8 1/2-1/2


[Site "https://www.chess.com"]

[Event "Titled Tuesday Blitz March 21 Early 2023"]
[White "Chigaev, Maksim"]
[Black "Paravyan, David"]
[WhiteFideId "4108116"]
[BlackFideId "4194985"]
[WhiteElo "2547"]
[BlackElo "2577"]
[Result "0-1"]
[Round "07"]
[TimeControl "180+2"]
[Date "2023.03.21"]
[WhiteClock "0:00:01"]
[BlackClock "0:00:04"]

1. e4 e5 2. Nf3 Nf6 3. Nxe5 d6 4. Nf3 Nxe4 5. Nc3 Nxc3 6. dxc3 Be7 7. Be3 O-O 8. Qd2 Nd7 9. O-O-O c6 10. h4 Re8 11. Bd3 d5 12. Bd4 Nc5 13. Bxc5 Bxc5 14. Ng5 h6 15. Qf4 Qf6 16. Qxf6 gxf6 17. Nh3 Bg4 18. f3 Bd7 19. Kb1 Be3 20. h5 Re5 21. g4 Rae8 22. c4 f5 23. f4 R5e7 24. gxf5 dxc4 25. f6 cxd3 26. fxe7 dxc2+ 27. Kxc2 Bf5+ 28. Kc3 Rxe7 29. Rh2 Re4 30. b3 c5 31. Rd8+ Kg7 32. Nf2 Bd4+ 33. Kd2 Rxf4 34. Rg2+ Kf6 35. Nd3 Rf3 36. Ne1 Rh3 37. Nc2 Bc3+ 38. Kc1 Rh1+ 39. Rd1 Rxh5 40. Rf1 Ke7 41. Re2+ Be6 42. Ne3 Re5 43. Nd1 Rxe2 44. Nxc3 Rh2 0-1


[Site "https://www.chess.com"]

[Event "Titled Tuesday Blitz March 21 Early 2023"]
[White "Kravtsiv, Martyn"]
[Black "Pranav, V"]
[WhiteFideId "14113147"]
[BlackFideId "25060783"]
[WhiteElo "2695"]
[BlackElo "2500"]
[Result "0-1"]
[Round "07"]
[TimeControl "180+2"]
[Date "2023.03.21"]
[WhiteClock "0:00:03"]
[BlackClock "0:00:14"]

1. e4 e5 2. Nf3 Nc6 3. Nc3 Nf6 4. a4 Bb4 5. Bd3 d6 6. O-O O-O 7. Nd5 Bc5 8. c3 a5 9. Bc2 h6 10. d4 exd4 11. cxd4 Ba7 12. Qd3 Re8 13. Nxf6+ Qxf6 14. e5 dxe5 15. Qh7+ Kf8 16. dxe5 Nxe5 17. Nxe5 Rxe5 18. Bd2 Bd4 19. Qh8+ Ke7 20. Rae1 g5 21. Qg8 Rxe1 22. Bxe1 Qg7 23. Bb4+ axb4 24. Re1+ Kd6 25. Qd8+ Kc6 26. Be4+ Kb6 27. a5+ Ka7 28. Qxc7 Qe5 29. Qxf7 Qf6 30. Qxf6 Bxf6 31. Rd1 Bxb2 32. h3 Bc3 33. Rd6 h5 34. Rb6 Rb8 35. Rd6 g4 36. h4 b3 37. Rd3 Bxa5 38. Rxb3 b5 39. Rd3 b4 40. Rd5 Bb6 41. Rxh5 g3 42. Rh7+ Bb7 43. h5 Bxf2+ 44. Kf1 Kb6 45. Bxb7 Rxb7 46. Rh8 Re7 0-1


[Site "https://www.chess.com"]

[Event "Titled Tuesday Blitz March 21 Early 2023"]
[White "Gharibyan, Mamikon"]
[Black "Alekseenko, Kirill"]
[WhiteFideId "13308300"]
[BlackFideId "4135539"]
[WhiteElo "2445"]
[BlackElo "2683"]
[Result "1/2-1/2"]
[Round "07"]
[TimeControl "180+2"]
[Date "2023.03.21"]
[WhiteClock "0:00:12"]
[BlackClock "0:00:08"]

1. d4 d5 2. c4 dxc4 3. Nf3 a6 4. e3 Bg4 5. Bxc4 e6 6. h3 Bh5 7. Nbd2 Nc6 8. b3 Bd6 9. Bb2 Nf6 10. O-O O-O 11. Be2 Nd5 12. Nc4 f5 13. Rc1 Nce7 14. Nfe5 Bxe2 15. Qxe2 Nf6 16. Nxd6 cxd6 17. Nc4 Ne4 18. Ba3 Nd5 19. Qe1 b5 20. Na5 Qg5 21. Rc2 Kh8 22. Bc1 Rf6 23. Kh2 Rg6 24. f3 Ng3 25. Rg1 Rf8 26. Nb7 e5 27. Rc6 exd4 28. exd4 f4 29. Rxd6 h5 30. Rxg6 Qxg6 31. Nc5 Re8 32. Qa5 Re2 33. Qd8+ Kh7 34. Qxd5 Nf1+ 35. Kh1 Ng3+ 36. Kh2 Nf1+ 37. Kh1 Ng3+ 38. Kh2 1/2-1/2


[Site "https://www.chess.com"]

[Event "Titled Tuesday Blitz March 21 Early 2023"]
[White "Weetik, Vjacheslav"]
[Black "Makhnev, Denis"]
[WhiteFideId "4153472"]
[BlackFideId "13707647"]
[WhiteElo "2469"]
[BlackElo "2525"]
[Result "0-1"]
[Round "07"]
[TimeControl "180+2"]
[Date "2023.03.21"]
[WhiteClock "0:00:08"]
[BlackClock "0:00:07"]

1. d4 Nf6 2. c4 e6 3. g3 d5 4. Nf3 Bb4+ 5. Bd2 Be7 6. Bg2 O-O 7. O-O Nbd7 8. Qc2 Ne4 9. Bf4 c6 10. Rd1 g5 11. Bc1 g4 12. Ne5 f5 13. Nd3 Bf6 14. Nf4 Qe8 15. f3 gxf3 16. exf3 Nd6 17. b3 e5 18. Nh5 Qxh5 19. cxd5 cxd5 20. Nc3 Nb6 21. Ba3 exd4 22. Bxd6 dxc3 23. Bxf8 Kxf8 24. Qf2 Be6 25. Re1 Qf7 26. Rad1 Rc8 27. f4 Kg7 28. Bf3 Rc7 29. Kg2 d4 30. Rxd4 Bxd4 31. Qxd4+ Qf6 32. Qd6 Re7 33. Qc5 h5 34. a4 h4 35. a5 Nd7 36. Qd6 Nf8 37. b4 Rd7 38. Qc5 Rd2+ 39. Kf1 hxg3 40. hxg3 c2 41. Rc1 Qd8 42. Rxc2 Qd3+ 43. Be2 Qxe2+ 44. Kg1 Qg2# 0-1


[Site "https://www.chess.com"]

[Event "Titled Tuesday Blitz March 21 Early 2023"]
[White "Flores, Diego"]
[Black "Fedoseev, Vladimir"]
[WhiteFideId "108049"]
[BlackFideId "24130737"]
[WhiteElo "2606"]
[BlackElo "2752"]
[Result "0-1"]
[Round "07"]
[TimeControl "180+2"]
[Date "2023.03.21"]
[WhiteClock "0:00:01"]
[BlackClock "0:00:39"]

1. c4 e5 2. Nc3 Nc6 3. Nf3 Nf6 4. e3 Be7 5. a3 a5 6. Qc2 O-O 7. b3 Re8 8. Bb2 Bf8 9. Bd3 g6 10. h4 Bg7 11. h5 d6 12. hxg6 hxg6 13. Ng5 Ng4 14. Nxf7 Kxf7 15. Bxg6+ Kf8 16. Nd5 Ne7 17. Bxe8 Nxd5 18. Bg6 Ne7 19. f4 Nxg6 20. Qxg6 Qf6 21. Qxf6+ Bxf6 22. fxe5 Nxe5 23. O-O Ke7 24. Rf4 Be6 25. Raf1 Nf3+ 26. R1xf3 Bxb2 27. Rh4 Rg8 28. Rh7+ Rg7 29. Rxg7+ Bxg7 30. d4 a4 31. bxa4 Bxc4 32. Kf2 b6 33. Rg3 Bf6 34. Rh3 Bb3 35. Rh7+ Kd8 0-1


[Site "https://www.chess.com"]

[Event "Titled Tuesday Blitz March 21 Early 2023"]
[White "Vasquez Schroeder, Rodrigo"]
[Black "Bluebaum, Matthias"]
[WhiteFideId "3400042"]
[BlackFideId "24651516"]
[WhiteElo "2600"]
[BlackElo "2638"]
[Result "1-0"]
[Round "07"]
[TimeControl "180+2"]
[Date "2023.03.21"]
[WhiteClock "0:00:15"]
[BlackClock "0:00:03"]

1. e4 e6 2. d4 d5 3. Nc3 Nf6 4. e5 Nfd7 5. Nce2 c5 6. c3 Nc6 7. f4 Be7 8. Nf3 O-O 9. a3 b5 10. h4 b4 11. axb4 cxb4 12. Ng5 Nb6 13. Qd3 g6 14. h5 Bxg5 15. fxg5 Kg7 16. Qh3 Rh8 17. Qf3 Bd7 18. Ng1 gxh5 19. Rxh5 Ne7 20. Ne2 Ng6 21. Rh6 Be8 22. Ng3 Kf8 23. Nh5 Qc7 24. cxb4 Nc4 25. Qf6 Rg8 26. Rxh7 Qb6 27. Bxc4 Qxb4+ 28. Bd2 Qxc4 29. Qf2 Qd3 30. Bb4+ Ne7 31. Qf6 Qe4+ 32. Kf1 Qd3+ 33. Kg1 Qxd4+ 34. Kh1 Qh4+ 35. Kg1 Qd4+ 36. Qf2 Qxb4 37. Rf1 Nf5 38. Nf6 Qd4 39. Nd7+ Ke7 40. Qxd4 Nxd4 41. Nf6 Rxg5 42. Nxe8 Rxe8 43. Rfxf7+ Kd8 44. Rxa7 Ne2+ 45. Kf2 Rf5+ 46. Kxe2 Rxe5+ 47. Kd3 1-0


[Site "https://www.chess.com"]

[Event "Titled Tuesday Blitz March 21 Early 2023"]
[White "Tsydypov, Zhamsaran"]
[Black "Svane, Frederik"]
[WhiteFideId "4108566"]
[BlackFideId "12923044"]
[WhiteElo "2584"]
[BlackElo "2502"]
[Result "0-1"]
[Round "07"]
[TimeControl "180+2"]
[Date "2023.03.21"]
[WhiteClock "0:00:45"]
[BlackClock "0:00:21"]

1. e4 c5 2. Nf3 d6 3. d4 cxd4 4. Nxd4 Nf6 5. Nc3 Nc6 6. Bg5 e6 7. Qd2 a6 8. O-O-O Bd7 9. f4 Be7 10. Nf3 b5 11. e5 b4 12. exf6 bxc3 13. Qxc3 gxf6 14. Bh4 Rg8 15. Kb1 Rb8 16. Bxa6 d5 17. a3 Qb6 18. Bd3 d4 19. Qb3 Qa5 20. Be1 Rxb3 21. Bxa5 Rxd3 22. Rxd3 Nxa5 23. g3 Bc6 24. Re1 Bxf3 25. Rxf3 Nc6 26. b4 Kd7 27. Rd3 e5 28. c4 Kd6 29. Ka2 Rb8 30. g4 Rxb4 31. fxe5+ fxe5 32. Rxd4+ exd4 33. axb4 Nxb4+ 34. Kb3 Nd3 35. Rf1 Ke6 36. h3 Nc5+ 37. Kc2 d3+ 38. Kd1 Ne4 39. Rf3 d2 40. Rf4 Nc3+ 41. Kxd2 Bg5 42. Kxc3 Bxf4 43. Kd4 Kf6 44. Ke4 Kg5 45. c5 Bb8 46. Kf3 Kh4 47. Kg2 h6 48. c6 Bc7 49. Kf2 Kxh3 50. Kf3 Kh4 51. Ke4 Kxg4 52. Kd5 h5 0-1


[Site "https://www.chess.com"]

[Event "Titled Tuesday Blitz March 21 Early 2023"]
[White "Zhigalko, Sergei"]
[Black "Shimanov, Aleksandr"]
[WhiteFideId "13502956"]
[BlackFideId "4198603"]
[WhiteElo "2626"]
[BlackElo "2631"]
[Result "1-0"]
[Round "07"]
[TimeControl "180+2"]
[Date "2023.03.21"]
[WhiteClock "0:00:02"]
[BlackClock "0:00:05"]

1. e4 e5 2. Nf3 Qe7 3. Bc4 d6 4. O-O Bg4 5. c3 Nf6 6. Re1 Nc6 7. a4 g6 8. h3 Bd7 9. d4 Bg7 10. Nbd2 O-O 11. Nf1 h6 12. Ng3 a5 13. Be3 Kh7 14. Bd3 Rae8 15. Rc1 Qd8 16. Bb1 Qc8 17. Kh2 b6 18. Qd2 Nd8 19. b3 Ng8 20. Rcd1 Re7 21. Bd3 Ne6 22. Qc1 Kh8 23. Bc4 Nd8 24. Qc2 Nc6 25. Qc1 Qe8 26. Bd5 Nd8 27. Bc4 Ne6 28. dxe5 dxe5 29. Qc2 Nf4 30. Kh1 Bc6 31. Ne2 Nh5 32. Bd5 Bd7 33. Ng3 Nxg3+ 34. fxg3 Nf6 35. Kh2 Nh5 36. g4 Nf4 37. Bc4 f5 38. exf5 gxf5 39. Bxf4 exf4 40. Rxe7 Qxe7 41. gxf5 Bxf5 42. Qf2 Bxc3 43. Nh4 Bh7 44. Bd3 Qe3 45. Qf1 Qg3+ 46. Kh1 Qxh4 47. Bxh7 f3 48. gxf3 Kxh7 49. Qd3+ Kg8 50. Rg1+ Bg7 51. Qc4+ Rf7 52. Qxh4 1-0


[Site "https://www.chess.com"]

[Event "Titled Tuesday Blitz March 21 Early 2023"]
[White "Rustemov, Alexander"]
[Black "Daneshvar, Bardiya"]
[WhiteFideId "4119002"]
[BlackFideId "12576468"]
[WhiteElo "2866"]
[BlackElo "2468"]
[Result "1-0"]
[Round "07"]
[TimeControl "180+2"]
[Date "2023.03.21"]
[WhiteClock "0:01:08"]
[BlackClock "0:00:04"]

1. d4 Nf6 2. c4 e6 3. Nf3 d5 4. Nc3 c6 5. e3 Nbd7 6. Qc2 Bd6 7. b3 O-O 8. Be2 e5 9. cxd5 cxd5 10. Nb5 Bb4+ 11. Bd2 Bxd2+ 12. Nxd2 a6 13. dxe5 Nxe5 14. Nd4 Bg4 15. f3 Rc8 16. Qb2 Bd7 17. Kf2 Qe7 18. Rac1 Rfe8 19. Rxc8 Bxc8 20. Qc3 Bd7 21. Rc1 h6 22. Nf1 Nc6 23. Qc5 Qe5 24. Nxc6 Bxc6 25. Qd4 Qd6 26. Ng3 g6 27. Qc5 Qe6 28. Bd3 h5 29. Qd4 Nd7 30. Ne2 Ne5 31. Nf4 Qd6 32. Be2 Nd7 33. Rd1 Nf6 34. h4 Qe7 35. g3 Nd7 36. Rd2 Nf8 37. b4 Ne6 38. Nxe6 fxe6 39. f4 e5 40. Qxe5 Qxe5 41. fxe5 Rxe5 42. Rd4 Kf7 43. Bf3 Ke6 44. Ke2 Bb5+ 45. Kd2 Rf5 46. Rf4 Bc4 47. a3 b6 48. Kc3 Ba2 49. Kd4 a5 50. Rxf5 1-0


[Site "https://www.chess.com"]

[Event "Titled Tuesday Blitz March 21 Early 2023"]
[White "Nguyen, Ngoc Truong Son"]
[Black "Perez Ponsa, Federico"]
[WhiteFideId "12401110"]
[BlackFideId "117927"]
[WhiteElo "2571"]
[BlackElo "2592"]
[Result "1-0"]
[Round "07"]
[TimeControl "180+2"]
[Date "2023.03.21"]
[WhiteClock "0:00:07"]
[BlackClock "0:00:46"]

1. d4 Nf6 2. c4 g6 3. Nc3 Bg7 4. e4 d6 5. f4 O-O 6. Nf3 c5 7. dxc5 Na6 8. cxd6 exd6 9. Bd3 Qb6 10. Qe2 Nc5 11. Rb1 Bg4 12. Be3 Rac8 13. O-O Qb4 14. Bxc5 Qxc5+ 15. Kh1 Rfe8 16. Qf2 Nh5 17. Qxc5 dxc5 18. Nd5 Rcd8 19. Bc2 b6 20. b3 Rd7 21. Rbd1 Be6 22. g3 Bh3 23. Rfe1 Red8 24. e5 Be6 25. Be4 f6 26. exf6 Nxf6 27. Nxf6+ Bxf6 28. Rxd7 Bxd7 29. Bd5+ Kf8 30. Ng5 h6 31. Ne6+ Bxe6 32. Rxe6 Kg7 33. Kg2 Rd7 34. Kf3 Re7 35. Rc6 Bd4 36. Be4 Bf6 37. h4 h5 38. a3 Rd7 39. Bd5 Re7 40. b4 Bb2 41. bxc5 bxc5 42. a4 Rb7 43. Rxg6+ Kxg6 44. Bxb7 Bd4 45. Bc6 a5 46. Be8+ Kh6 47. Kg2 Bc3 48. Kf3 Bd4 49. g4 hxg4+ 50. Kxg4 Kg7 51. Kf5 Bf2 52. h5 Bh4 53. Ke6 Kf8 54. Bg6 Kg7 55. f5 Bg5 56. Be8 Bh4 57. f6+ Kf8 58. Bg6 Bg5 59. f7 Be3 60. Kd6 Bd4 61. h6 Be3 62. h7 Bd4 63. Ke6 Bg7 64. Kd5 Bd4 65. Kd6 1-0


[Site "https://www.chess.com"]

[Event "Titled Tuesday Blitz March 21 Early 2023"]
[White "Kobo, Ori"]
[Black "Lenderman, Aleksandr"]
[WhiteFideId "2812320"]
[BlackFideId "2021285"]
[WhiteElo "2447"]
[BlackElo "2607"]
[Result "0-1"]
[Round "07"]
[TimeControl "180+2"]
[Date "2023.03.21"]
[WhiteClock "0:00:04"]
[BlackClock "0:01:15"]

1. e4 e6 2. d4 d5 3. Nc3 dxe4 4. Nxe4 Nd7 5. Nf3 Ngf6 6. Nxf6+ Nxf6 7. c3 Bd6 8. Bd3 O-O 9. Qe2 b6 10. Bg5 Bb7 11. O-O-O h6 12. Bh4 Be7 13. Kb1 Nd5 14. Bxe7 Qxe7 15. g3 c5 16. dxc5 Qxc5 17. Rhe1 Rad8 18. Ne5 Nf6 19. Bc2 Rd5 20. f4 Rfd8 21. Rxd5 Bxd5 22. g4 Qe7 23. g5 hxg5 24. fxg5 Nd7 25. g6 Nxe5 26. Qxe5 fxg6 27. Bxg6 Qf6 28. Qh5 Bf3 29. Qh7+ Kf8 30. Bc2 Bg4 31. h4 Bf5 32. Bxf5 Qxf5+ 33. Qxf5+ exf5 34. Rf1 g6 35. h5 Kg7 36. hxg6 Kxg6 37. b4 Rd2 38. a4 Re2 39. c4 Re4 40. Rc1 f4 41. Kb2 f3 42. Kc3 Kf5 43. c5 bxc5 44. bxc5 Kf4 45. c6 f2 46. c7 Re1 0-1


[Site "https://www.chess.com"]